Map: Newkirk Precinct TE (Void)

Players

Harstem - Winner!

  • Race: Protoss Protoss
  • Spawn Location: 5:00

CatZ

  • Race: Zerg Zerg
  • Spawn Location: 7:00

Event: WCS Austin 2017

VOD

Have the link to the VOD?

Description

Time

  • Played on: April 28, 2017, 5:45 p.m.
  • Length: 17:24

All games in this series

Show
View Real Time Build Order
Export as new Build Order

Harstem Protoss - Winner!

Build Orders: 1 Gate Expand 

Get SALT Encoding   

  12  0:01  Probe (Chrono Boost)  
  13  0:11  Probe (Chrono Boost)  
  14  0:18  Pylon  
  14  0:22  Probe (Chrono Boost)  
  15  0:36  Probe (Chrono Boost)  
  15  0:38  Gateway  
  16  0:47  Probe (Chrono Boost)  
  16  0:48  Assimilator  
  17  0:57  Probe (Chrono Boost)  
  18  1:08  Probe (Chrono Boost)  
  19  1:18  Probe (Chrono Boost)  
  20  1:27  Nexus  
  20  1:40  Cybernetics Core  
  20  1:41  Probe (Chrono Boost)  
  21  1:49  Assimilator  
  21  1:52  Probe (Chrono Boost)  
  22  1:57  Pylon  
  22  2:02  Probe (Chrono Boost)  
  23  2:12  Adept  
  24  2:17  Probe (Chrono Boost), Warp Gate  
  26  2:24  Twilight Council  
  26  2:29  Probe (Chrono Boost)  
  27  2:38  Adept  
  27  2:39  Probe (Chrono Boost)  
  27  2:40  Probe (Chrono Boost)  
  31  2:50  Probe (Chrono Boost)  
  33  2:51  Probe (Chrono Boost)  
  33  2:59  Resonating Glaives, Gateway  
  33  3:02  Probe (Chrono Boost)  
  35  3:05  Probe (Chrono Boost)  
  35  3:13  Probe (Chrono Boost)  
  36  3:26  Probe (Chrono Boost)  
  37  3:28  Probe (Chrono Boost)  
  37  3:31  Adept  
  37  3:33  Gateway  
  37  3:34  Pylon  
  40  3:37  Probe (Chrono Boost)  
  40  3:39  Probe (Chrono Boost)  
  42  3:42  Pylon  
  42  3:47  Probe (Chrono Boost), Adept  
  45  3:49  Probe (Chrono Boost)  
  45  3:54  Gateway  
  46  3:58  Probe (Chrono Boost)  
  46  4:01  Probe (Chrono Boost)  
  48  4:08  Probe (Chrono Boost)  
  49  4:12  Robotics Facility, Probe (Chrono Boost)  
  50  4:20  Pylon  
  52  4:26  Dark Shrine, Adept x2  
  52  4:29  Adept  
  56  4:33  Probe (Chrono Boost)  
  56  4:35  Probe (Chrono Boost)  
  56  4:37  Assimilator  
  58  4:42  Assimilator  
  59  4:45  Probe (Chrono Boost)  
  59  4:46  Pylon  
  59  4:47  Adept x2  
  60  4:53  Probe (Chrono Boost)  
  61  5:03  Probe (Chrono Boost)  
  60  5:08  Adept x3  
  60  5:10  Probe (Chrono Boost)  
  60  5:13  Probe (Chrono Boost)  
  60  5:17  Adept  
  60  5:20  Probe (Chrono Boost)  
  61  5:24  Probe (Chrono Boost)  
  62  5:31  Adept x3  
  68  5:39  Dark Templar  
  70  5:43  Probe (Chrono Boost)  
  71  5:53  Dark Templar  
  73  5:57  Nexus  
  73  5:58  Dark Templar x2  
  78  6:04  Probe (Chrono Boost)  
  78  6:20  Pylon  
  78  6:22  Pylon  
  78  6:32  Probe (Chrono Boost)  
  78  6:33  Immortal  
  78  6:34  Mothership Core (Chrono Boost), Pylon  
  69  6:42  Adept x4  
  69  6:43  Probe (Chrono Boost)  
  78  6:50  Forge  
  78  6:52  Probe (Chrono Boost)  
  80  6:54  Probe (Chrono Boost)  
  78  7:03  Probe (Chrono Boost)  
  78  7:06  Adept x3  
  84  7:12  Gateway  
  84  7:13  Immortal, Gateway  
  85  7:20  Pylon  
  89  7:26  Protoss Ground Weapons Level 1  
  89  7:28  Gateway  
  87  7:30  Gateway  
  87  7:31  Sentry x3  
  93  7:39  Gateway  
  93  7:41  Probe (Chrono Boost)  
  94  7:47  Pylon  
  94  7:52  Warp Prism  
  94  7:53  Probe (Chrono Boost)  
  94  7:54  Adept  
  94  7:55  Adept  
  98  8:00  Adept  
  98  8:05  Stargate  
  98  8:09  Stargate  
  98  8:18  Adept x2  
  102  8:21  Adept x2  
  102  8:22  Adept  
  108  8:29  Adept  
  108  8:31  Probe (Chrono Boost)  
  109  8:34  Probe x2 (Chrono Boost)  
  108  8:41  Probe (Chrono Boost)  
  108  8:44  Adept x4  
  108  8:45  Probe (Chrono Boost)  
  108  8:46  Probe (Chrono Boost)  
  109  8:52  Probe (Chrono Boost)  
  109  8:54  Phoenix  
  111  8:57  Probe (Chrono Boost)  
  111  8:58  Probe (Chrono Boost), Stalker  
  111  8:59  Stalker  
  111  9:00  Immortal  
  118  9:07  Adept  
  120  9:25  Adept x3  
  110  9:33  Adept x8  
  110  9:34  Immortal  
  101  9:45  Probe (Chrono Boost)  
  101  9:50  Robotics Facility  
  101  9:51  Probe (Chrono Boost)  
  94  9:59  Adept x7  
  98  10:10  Immortal  
  94  10:14  Adept  
  100  10:22  Adept x6  
  100  10:25  Adept  
  112  10:28  Pylon  
  112  10:33  Oracle  
  105  10:39  Immortal  
  101  10:45  Adept x4  
  101  10:52  Adept x2  
  101  10:53  Adept  
  101  10:57  Probe (Chrono Boost)  
  101  10:58  Assimilator, Probe (Chrono Boost)  
  101  11:00  Protoss Ground Weapons Level 2  
  101  11:02  Stalker  
  101  11:05  Assimilator  
  101  11:09  Immortal  
  105  11:23  Probe (Chrono Boost)  
  106  11:30  Blink  
  106  11:34  Adept x2  
  106  11:37  Adept  
  106  11:39  Observer  
  113  11:42  Nexus  
  113  11:43  Adept  
  116  11:47  Probe x2 (Chrono Boost)  
  116  11:54  Adept x3  
  113  11:55  Probe (Chrono Boost)  
  113  11:57  Probe (Chrono Boost)  
  117  12:03  Adept x3  
  121  12:11  Mothership Core (Chrono Boost)  
  121  12:12  Stalker  
  113  12:24  Probe (Chrono Boost), Adept  
  113  12:25  Adept x2  
  113  12:26  Probe (Chrono Boost)  
  98  12:34  Adept x2  
  92  12:39  Adept  
  80  12:51  Adept x4  
  80  12:57  Probe (Chrono Boost)  
  89  13:00  Probe (Chrono Boost)  
  89  13:04  Probe (Chrono Boost)  
  91  13:06  Probe (Chrono Boost)  
  91  13:08  Probe (Chrono Boost)  
  91  13:10  Probe (Chrono Boost), Sentry x4  
  91  13:12  Observer  
  103  13:16  Probe (Chrono Boost)  
  104  13:25  Protoss Ground Weapons Level 3, Adept  
  106  13:29  Dark Templar  
  108  13:35  Adept x2  
  108  13:36  Probe (Chrono Boost)  
  108  13:37  Probe (Chrono Boost)  
  108  13:39  Probe (Chrono Boost)  
  108  13:40  Probe (Chrono Boost)  
  114  13:46  Immortal  
  118  13:56  Immortal  
  118  14:04  Probe (Chrono Boost)  
  118  14:06  Probe (Chrono Boost)  
  118  14:08  Probe (Chrono Boost)  
  119  14:13  Probe (Chrono Boost)  
  120  14:21  Adept x4  
  129  14:25  Assimilator  
  129  14:27  Pylon  
  129  14:29  Assimilator  
  128  14:37  Probe (Chrono Boost)  
  129  14:39  Templar Archives  
  129  14:40  Immortal  
  133  14:52  Zealot x3  
  139  14:53  Photon Cannon  
  139  15:05  Immortal  
  139  15:06  Psionic Storm  
  143  15:15  Photon Cannon  
  143  15:17  Charge  
  143  15:19  High Templar x3  
  143  15:21  High Templar  
  151  15:26  Adept  
  151  15:27  Adept  
  154  15:41  Zealot x2  
  151  15:43  Probe (Chrono Boost)  
  151  15:45  Immortal  
  143  15:53  High Templar x2  
  143  15:54  Pylon  
  151  16:12  Zealot x3  
  151  16:13  Zealot x2  
  151  16:17  Zealot  
  163  16:21  Pylon  
  163  16:26  Pylon x2  
  163  16:27  Pylon  
  163  16:34  Immortal  
  167  16:52  Zealot x4  
  167  16:53  Zealot x4  
  155  17:00  Archon x2  
  149  17:08  Probe (Chrono Boost)  
  149  17:10  Probe (Chrono Boost)  
  149  17:12  Probe (Chrono Boost)  
Show
View Real Time Build Order
Export as new Build Order

CatZ Zerg 

Build Orders: 3 Hatch before Pool 

Get SALT Encoding   

  12  0:01  Drone  
  13  0:13  Overlord  
  13  0:18  Drone  
  14  0:31  Drone  
  14  0:32  Drone  
  14  0:34  Drone  
  17  0:55  Hatchery  
  16  0:59  Drone  
  17  1:25  Drone x2  
  19  1:28  Hatchery  
  19  1:32  Drone  
  19  1:39  Extractor  
  18  1:47  Spawning Pool  
  18  1:50  Drone  
  18  1:54  Drone  
  18  1:59  Drone  
  20  2:07  Overlord  
  20  2:09  Drone  
  21  2:27  Drone  
  22  2:31  Drone x2  
  22  2:35  Queen, Zergling x2  
  27  2:40  Queen  
  27  2:44  Zergling x2  
  30  2:49  Metabolic Boost  
  30  2:54  Drone  
  30  2:55  Drone  
  30  2:58  Zergling x2  
  33  3:00  Drone  
  34  3:07  Drone x3  
  34  3:12  Drone  
  38  3:17  Spore Crawler  
  38  3:18  Drone x2  
  39  3:22  Drone  
  39  3:24  Drone x2  
  40  3:29  Drone, Evolution Chamber  
  41  3:35  Overlord  
  41  3:52  Overlord  
  41  3:53  Queen  
  41  3:54  Zergling x8  
  41  3:55  Zergling x4  
  49  4:00  Overlord  
  49  4:05  Drone  
  49  4:09  Queen  
  50  4:12  Drone  
  50  4:13  Drone  
  50  4:15  Drone x2  
  56  4:20  Queen, Zerg Melee Weapons Level 1  
  56  4:24  Drone, Spore Crawler  
  57  4:25  Drone  
  57  4:26  Drone, Spore Crawler  
  57  4:28  Drone  
  60  4:35  Zergling x2  
  60  4:36  Zergling x8  
  65  4:39  Zergling x2  
  65  4:41  Overlord  
  63  4:55  Zergling x2  
  63  4:56  Zergling x4  
  65  5:09  Drone x2  
  65  5:11  Drone x4  
  65  5:12  Drone, Zergling x6  
  65  5:13  Drone  
  70  5:16  Lair  
  70  5:18  Extractor  
  69  5:23  Roach Warren  
  69  5:24  Overlord  
  69  5:25  Drone  
  69  5:26  Drone  
  66  5:35  Extractor  
  66  5:37  Extractor  
  66  5:38  Drone x2  
  66  5:39  Evolution Chamber  
  63  5:46  Drone  
  63  5:47  Zergling x4  
  63  5:48  Zergling x2  
  67  5:52  Zergling x6  
  68  6:03  Roach x2  
  68  6:04  Roach  
  73  6:08  Roach x2  
  77  6:15  Overseer  
  77  6:17  Roach x2  
  79  6:27  Overlord x2  
  79  6:31  Overlord  
  79  6:32  Pneumatized Carapace  
  74  6:33  Roach  
  72  6:42  Zergling x6  
  72  6:46  Zergling x4, Zerg Ground Armor Level 1  
  77  6:51  Glial Reconstitution  
  77  6:58  Roach x2  
  76  7:10  Zergling x8  
  76  7:14  Hatchery  
  79  7:16  Queen x2  
  79  7:20  Zergling x4  
  85  7:26  Hatchery  
  85  7:28  Roach  
  85  7:29  Roach x4  
  94  7:31  Zerg Missile Weapons Level 1  
  94  7:38  Ravager  
  94  7:42  Ravager  
  96  7:45  Zergling x4  
  100  7:58  Roach  
  100  8:04  Overlord  
  99  8:10  Overlord  
  99  8:11  Drone  
  99  8:12  Drone x2  
  99  8:19  Ravager  
  100  8:23  Overlord  
  100  8:31  Roach  
  100  8:34  Overseer  
  100  8:38  Roach x2  
  102  8:44  Roach x3  
  104  8:54  Roach  
  104  8:55  Roach x6  
  114  9:04  Roach x2  
  114  9:05  Roach  
  114  9:06  Ravager x4  
  114  9:08  Drone  
  124  9:11  Zergling x4  
  105  9:26  Zergling x2  
  99  9:36  Zergling x2  
  96  9:43  Zergling x2  
  96  9:44  Zergling x16  
  93  9:48  Zergling x6  
  96  9:53  Ravager x2  
  96  9:54  Ravager x3  
  96  9:56  Roach x5  
  96  9:59  Zergling x4  
  104  10:14  Roach x4  
  108  10:17  Drone x2  
  114  10:25  Roach  
  114  10:26  Zergling x6  
  115  10:30  Roach x2  
  115  10:32  Zergling x4  
  113  10:39  Zergling x4  
  109  10:43  Zergling x4  
  109  10:49  Zergling x4  
  102  10:55  Zergling x6  
  93  10:59  Zergling x6  
  93  11:00  Drone  
  93  11:07  Roach  
  93  11:08  Roach  
  93  11:10  Roach  
  93  11:11  Roach  
  99  11:16  Roach  
  101  11:25  Roach x4  
  109  11:26  Roach  
  109  11:28  Roach  
  109  11:31  Zergling x4  
  109  11:32  Overlord  
  115  11:36  Overlord  
  115  11:37  Baneling Nest  
  114  11:46  Extractor  
  110  11:52  Hatchery  
  105  11:54  Zergling x10  
  105  11:57  Drone x4  
  105  11:58  Drone x3  
  115  12:05  Roach x2  
  115  12:06  Ravager x2  
  115  12:07  Ravager x2  
  115  12:08  Ravager x2  
  122  12:10  Ravager  
  122  12:11  Ravager  
  122  12:14  Zergling x4  
  127  12:20  Roach x2  
  127  12:21  Ravager  
  126  12:22  Ravager  
  126  12:29  Zergling x2  
  106  12:30  Zergling x8  
  106  12:32  Zergling x2  
  106  12:34  Zergling x2  
  103  12:41  Zergling x6  
  95  12:49  Zergling x4  
  95  12:50  Zergling x4  
  94  12:53  Zergling x6  
  94  12:54  Zergling x2  
  94  12:56  Zergling x2  
  95  13:02  Drone x2  
  95  13:03  Drone  
  95  13:05  Zerg Missile Weapons Level 2  
  98  13:23  Drone  
  98  13:24  Drone  
  98  13:28  Zergling x4  
  98  13:34  Spore Crawler  
  93  13:43  Extractor  
  93  13:44  Roach  
  93  13:45  Roach x3, Overlord  
  93  13:46  Drone x2  
  93  13:47  Zergling x4  
  93  13:48  Roach x2  
  108  13:50  Drone  
  108  13:51  Drone  
  108  13:52  Zerg Melee Weapons Level 2  
  110  13:56  Zergling x2  
  110  13:57  Zergling x2  
  110  14:03  Zergling x4  
  110  14:06  Zergling x6  
  110  14:08  Zergling x6  
  110  14:09  Baneling x2  
  115  14:17  Baneling x6  
  115  14:18  Baneling x3  
  115  14:19  Ravager x2  
  115  14:20  Ravager x2  
  115  14:21  Ravager  
  115  14:23  Drone  
  121  14:27  Baneling x3  
  121  14:28  Baneling x5  
  121  14:35  Drone x2  
  121  14:36  Drone x2  
  121  14:37  Spore Crawler  
  122  14:40  Drone  
  122  14:41  Drone  
  124  14:46  Baneling  
  124  14:51  Roach  
  126  14:57  Baneling x2  
  121  15:01  Overlord  
  121  15:06  Overlord  
  120  15:10  Baneling x4  
  120  15:11  Centrifical Hooks  
  120  15:14  Zergling x14  
  122  15:15  Overlord  
  122  15:17  Overlord  
  113  15:48  Roach x4  
  113  15:49  Drone x3  
  120  15:50  Zergling x2  
  120  15:52  Drone x2  
  120  15:56  Roach, Extractor x2  
  120  15:57  Roach  
  125  16:08  Zergling x4  
  125  16:09  Zergling x8  
  128  16:12  Roach x3  
  128  16:14  Ravager x2  
  128  16:15  Ravager x2  
  128  16:16  Ravager x2  
  128  16:17  Zergling x2  
  141  16:23  Baneling x14  
  141  16:24  Overlord  
  141  16:25  Overlord  
  141  16:28  Overlord  
  141  16:31  Overlord, Hydralisk Den  
  140  16:33  Overlord  
  126  16:52  Zergling x2  
  126  16:53  Zergling x30  
  115  16:55  Roach  
  115  16:56  Roach  
Tags
 
Add a new tag
Caveats
  • Supply blocks, unpowered buildings, or Contaminate may cause inaccurate times.
  • Supply counts are checked every 10 seconds.